 Dungeon Crawl Stone Soup version 0.28.0-53-g5a82cb258f (webtiles) character file.

Game seed: 16744868385518788064

91 issech the Chopper (level 4, -3/40 HPs)
             Began as a Minotaur Monk on June 17, 2022.
             Slain by Grinder (6 damage)
             ... on level 3 of the Dungeon.
             The game lasted 00:03:23 (2235 turns).

issech the Chopper (Minotaur Monk)                  Turns: 2235, Time: 00:03:24

Health: -3/40      AC:  5    Str: 15    XL:     4   Next: 34%
Magic:  3/3        EV: 12    Int:  7    God:
Gold:   66         SH:  0    Dex: 15    Spells: 3/3 levels left

rFire   . . .      SeeInvis .   a - +0 hand axe
rCold   . . .      Faith    +   (no shield)
rNeg    . . .      Spirit   .   i - +0 ring mail
rPois   .          Reflect  .   b - +0 hat
rElec   .          Harm     .   (no cloak)
rCorr   .          Rampage  .   (no gloves)
Will    .....                   (no boots)
Stlth   +.........              f - amulet of faith
HPRegen 0.13/turn               (no ring)
MPRegen 0.08/turn               (no ring)

@: no status effects
A: horns 2, retaliatory headbutt
a: no special abilities


You were on level 3 of the Dungeon.
You visited 1 branch of the dungeon, and saw 3 of its levels.

You collected 66 gold pieces.

Inventory:

Hand Weapons
 a - a +0 hand axe (weapon)
Missiles
 c - 49 stones (quivered)
 h - 19 sling bullets
Armour
 b - a +0 hat (worn)
 g - a +0 leather armour
 i - a +0 ring mail (worn)
Jewellery
 f - an amulet of faith (around neck)
Scrolls
 e - a scroll of blinking {unknown}
 k - 2 scrolls of identify {unknown}
Potions
 d - a potion of curing {unknown}
 j - a potion of brilliance {unknown}
 l - a potion of flight {unknown}


   Skills:
 + Level 4.2 Fighting
 + Level 4.6 Axes
 + Level 1.8 Armour
 + Level 3.8 Dodging
 + Level 2.0 Stealth


You had 3 spell levels left.
You didn't know any spells.
Your spell library contained the following spells:

 Spells                   Type           Power      Damage    Failure   Level
 Stone Arrow              Conj/Erth      0%         3d7       95%         3
 Animate Armour           Summ/Erth      0%         N/A       100%        4
 Lehudib's Crystal Spear  Conj/Erth      0%         10d2      100%        8


Dungeon Overview and Level Annotations

Branches:
Dungeon (3/15)

Altars:

Annotations:
D:3 Grinder


Innate Abilities, Weirdness & Mutations

You have a pair of horns on your head.
You reflexively headbutt those who attack you in melee.


Message History

You kill the giant cockroach!
Found a stone staircase leading down.
There is a stone staircase leading down here.
A bullfrog skeleton comes into view.
You hit the bullfrog skeleton.
The bullfrog skeleton is lightly damaged.
The bullfrog skeleton misses you. The bullfrog skeleton hits you.
You hit the bullfrog skeleton. You headbutt the bullfrog skeleton!
The bullfrog skeleton is severely damaged.
The bullfrog skeleton hits you.
You hit the bullfrog skeleton. You headbutt the bullfrog skeleton.
The bullfrog skeleton is almost destroyed.
The bullfrog skeleton barely misses you.
You hit the bullfrog skeleton.
You destroy the bullfrog skeleton!
You have reached level 4!
You feel agile.
You open the door.
There is an open door here.
You open the door.
There is an open door here.
Grinder comes into view.
Grinder shouts!
You hear an angry hiss.
Grinder blinks!
You closely miss Grinder.
Grinder says, "At least Makhleb appreciates what I'm doing."
Grinder hits you!
You writhe in agony.
You hit Grinder but do no damage. Your headbutt misses Grinder.
Grinder gestures at you.
You suddenly lose the ability to move!
Grinder hits you but does no damage. Grinder hits you!
You writhe in agony.
Grinder hits you.
You writhe in agony.
* * * LOW HITPOINT WARNING * * *
You can move again.
You closely miss Grinder.
Grinder blinks!
Grinder hits you!
* * * LOW HITPOINT WARNING * * *
You writhe in agony.
You die...

##..^.## #.# ####.# ...
#.# #.# # ##+## #.###.##.#
##...## #........#
##.....## ##.# #
##.......## ##..#
####.........####...#####
...'.........'.5@.........
####.........####...######
# ##.......## ##..#
##.....## ##.# ##...## #.#
##+## #.# .#


You could see Grinder.

Vanquished Creatures
  A bullfrog skeleton (D:3)
  2 adders (D:2)
  3 bats
  5 endoplasms
  A giant cockroach (D:3)
  4 goblins (D:1)
  2 hobgoblins (D:1)
  8 jackals (D:2)
  6 kobolds
  2 quokkas
  3 ball pythons
  2 frilled lizards (D:1)
  4 rats
43 creatures vanquished.

Notes
Turn   | Place    | Note
-------+----------+-------------------------------------------
     0 | D:1      | issech the Minotaur Monk began the quest for the Orb.
     0 | D:1      | Reached XP level 1. HP: 19/19 MP: 0/0
   363 | D:1      | Reached XP level 2. HP: 27/27 MP: 1/1
  1189 | D:2      | Reached XP level 3. HP: 27/33 MP: 2/2
  1415 | D:2      | Reached skill level 1 in Armour
  2121 | D:3      | Reached XP level 4. HP: 33/40 MP: 3/3
  2219 | D:3      | Noticed Grinder
  2230 | D:3      | Paralysed by Grinder for 4 turns
  2235 | D:3      | Slain by Grinder

Illustrated notes

Levels and vault maps discovered:
D:1:      erik_arrival_cave_to_civilisation [erik_arrival_cave_to_hall],
          layout_basic, minmay_cut_off
D:2:      layout_basic, grunt_ministairs_12
D:3:      layout_loops_corners, hellmonk_ecumenical_altar_heavens_door,
          uniq_grinder

Skill      XL: |  1  2  3 |
---------------+----------+-----
Axes           | 4 |  4.6
Fighting       | 4 |  4.2
Armour         | 1 |  1.8
Stealth        | 2 |  2.0
Dodging        | |  3.8

Action                   |  1- 3 |  4- 6 || total
-------------------------+-------+-------++-------
Melee: Hand axe          |    91 |     3 ||    94
       Headbutt          |    15 |       ||    15
       Punch             |     2 |       ||     2
 Stab: Sleeping          |     3 |       ||     3
Armor: Leather armour    |    21 |       ||    21
       Ring mail         |    11 |     1 ||    12
Dodge: Dodged            |    81 |       ||    81
